General information
- name: BNet
- type: Ladder team game (AT/RT)
- host: Battle.net
- saver: Drayen8
map: Deadlock
- players: 8
- length: 26:56
- speed: Fast
- version: 1.26 W3XP
- replay type: Public
» download(155 KB)
Players
team 1 (loser)

»
itowerlikeajew (
purple | 60 APM | 411 actions | 06:51)
1 Death Knight
1 Death Coil
» actions
| Assign group hotkey | 27 | |
| Basic commands | 8 | |
| Build / train | 19 | |
| Enter build submenu | 11 | |
| Enter hero's abilities submenu | 1 | |
| Right click | 205 | |
| Select / deselect | 90 | |
| Select group hotkey | 36 | |
| Use ability | 14 | |
411 total
» units
| Acolyte | 2 | |
| Ghoul | 3 | |
| Crypt Fiend | 5 | |
10 total
» upgrades
| Creature Attack | 1 | |
| Creature Carapace | 1 | |
2 total
» buildings
| Altar of Darkness | 1 | |
| Ziggurat | 5 | |
| Graveyard | 1 | |
| Crypt | 2 | |
| Nerubian Tower | 4 | |
| Halls of the Dead | 1 | |
14 total
» build order
00:33 Altar of Darkness
00:35 Ziggurat
00:58 Graveyard
01:08 Crypt
01:33 Ziggurat
01:48 Crypt
02:04 Nerubian Tower
02:04 Nerubian Tower
02:04 Nerubian Tower
04:04 Ziggurat
04:55 Halls of the Dead
06:18 Ziggurat
06:19 Ziggurat

»
VeritechSky (
green | 63 APM | 1694 actions | 26:55)
4 Paladin
2 Holy Light
2 Devotion Aura
4 Mountain King
2 Storm Bolt
2 Bash
1 Dreadlord
1 Sleep
1 Death Knight
1 Unholy Aura
2 Archmage
1 Summon Water Elemental
1 Brilliance Aura
» actions
| Assign group hotkey | 47 | |
| Basic commands | 6 | |
| Build / train | 95 | |
| Enter build submenu | 36 | |
| Enter hero's abilities submenu | 12 | |
| Right click | 633 | |
| Select / deselect | 368 | |
| Select group hotkey | 431 | |
| Use ability | 66 | |
1694 total
» units
| Peasant | 18 | |
| Footman | 9 | |
| Acolyte | 4 | |
| Knight | 6 | |
| Siege Engine | 11 | |
| Gryphon Rider | 6 | |
54 total
» upgrades
| Lumber Harvesting | 2 | |
| Plating | 2 | |
| Swords | 3 | |
| Barrage | 1 | |
| Gunpowder | 2 | |
| Animal War Training | 1 | |
| Armor | 1 | |
| Masonry | 3 | |
| Storm Hammers | 1 | |
16 total
» buildings
| Altar of Kings | 1 | |
| Barracks | 1 | |
| Farm | 14 | |
| Keep | 1 | |
| Lumber Mill | 1 | |
| Blacksmith | 2 | |
| Castle | 1 | |
| Nerubian Tower | 1 | |
| Workshop | 2 | |
| Town Hall | 1 | |
| Gryphon Aviary | 2 | |
| Scout Tower | 8 | |
| Guard Tower | 4 | |
39 total
» build order
00:05 Altar of Kings
00:08 Barracks
00:11 Farm
00:50 Farm
01:31 Farm
02:10 Farm
03:28 Keep
03:37 Farm
04:19 Lumber Mill
04:21 Blacksmith
04:24 Farm
05:11 Blacksmith
06:59 Castle
08:23 Nerubian Tower
08:46 Workshop
08:50 Workshop
10:01 Farm
10:02 Farm
10:27 Town Hall
11:00 Farm
11:47 Farm
12:26 Farm
14:33 Farm
15:15 Farm
16:22 Farm
20:22 Gryphon Aviary
20:29 Gryphon Aviary
21:20 Scout Tower
21:23 Scout Tower
21:27 Scout Tower
21:56 Guard Tower
22:08 Scout Tower
22:09 Scout Tower
22:12 Scout Tower
22:14 Guard Tower
22:44 Scout Tower
22:47 Scout Tower
22:50 Guard Tower
24:19 Guard Tower

»
fat_chode (
red | 28 APM | 753 actions | 26:55)
5 Keeper of the Grove
1 Force of Nature
2 Entangling Roots
2 Thorns Aura
» actions
| Basic commands | 2 | |
| Build / train | 54 | |
| Enter build submenu | 26 | |
| Enter hero's abilities submenu | 5 | |
| Remove unit from queue | 1 | |
| Right click | 434 | |
| Select / deselect | 201 | |
| Use ability | 30 | |
753 total
» units
» upgrades
| Strength of the Wild | 3 | |
| Reinforced Hides | 2 | |
| Corrosive Breath | 1 | |
| Well Spring | 1 | |
7 total
» buildings
| Altar of Elders | 1 | |
| Moon Well | 9 | |
| Tree of Ages | 1 | |
| Hunter's Hall | 1 | |
| Ancient Protector | 8 | |
| Tree of Eternity | 1 | |
| Ancient of Wind | 1 | |
| Chimaera Roost | 2 | |
| Tree of Life | 2 | |
26 total
» build order
00:07 Altar of Elders
00:11 Moon Well
01:23 Moon Well
02:47 Tree of Ages
02:53 Hunter's Hall
02:59 Moon Well
03:38 Moon Well
04:05 Ancient Protector
04:09 Moon Well
04:36 Ancient Protector
05:08 Tree of Eternity
05:13 Ancient of Wind
06:10 Ancient Protector
06:17 Moon Well
07:46 Chimaera Roost
07:50 Chimaera Roost
08:56 Ancient Protector
09:02 Ancient Protector
09:20 Moon Well
11:06 Moon Well
11:22 Ancient Protector
11:29 Ancient Protector
11:36 Ancient Protector
13:12 Moon Well
22:11 Tree of Life
24:00 Tree of Life
OBLIVIONSUCKX (
teal | 45 APM | 1214 actions | 26:55)
6 Mountain King
3 Storm Bolt
2 Bash
1 Avatar
» actions
| Assign group hotkey | 19 | |
| Basic commands | 35 | |
| Build / train | 70 | |
| Enter build submenu | 18 | |
| Enter hero's abilities submenu | 6 | |
| Give item / drop item | 1 | |
| Remove unit from queue | 1 | |
| Right click | 421 | |
| Select / deselect | 127 | |
| Select group hotkey | 458 | |
| Use ability | 58 | |
1214 total
» units
| Peasant | 16 | |
| Footman | 6 | |
| Gryphon Rider | 9 | |
| Dragonhawk Rider | 2 | |
33 total
» upgrades
| Masonry | 2 | |
| Lumber Harvesting | 1 | |
| Burrow | 1 | |
| Web | 1 | |
| Storm Hammers | 1 | |
6 total
» buildings
| Altar of Kings | 1 | |
| Barracks | 1 | |
| Farm | 17 | |
| Scout Tower | 6 | |
| Arcane Tower | 4 | |
| Arcane Vault | 1 | |
| Keep | 4 | |
| Lumber Mill | 1 | |
| Castle | 3 | |
| Guard Tower | 2 | |
| Gryphon Aviary | 2 | |
| Nerubian Tower | 1 | |
| Town Hall | 2 | |
45 total
» build order
00:11 Altar of Kings
00:23 Barracks
00:38 Farm
00:52 Farm
01:34 Scout Tower
01:50 Farm
01:57 Scout Tower
02:30 Arcane Tower
02:31 Arcane Tower
02:31 Arcane Tower
02:50 Farm
03:35 Arcane Vault
04:01 Keep
04:02 Keep
04:21 Lumber Mill
04:58 Scout Tower
04:58 Scout Tower
04:58 Scout Tower
04:59 Scout Tower
06:25 Castle
06:27 Guard Tower
06:51 Gryphon Aviary
06:56 Gryphon Aviary
07:24 Guard Tower
07:31 Farm
07:32 Farm
07:32 Farm
07:32 Farm
07:34 Farm
07:34 Farm
07:34 Farm
08:23 Nerubian Tower
12:29 Town Hall
21:40 Keep
21:46 Town Hall
25:05 Castle
25:06 Castle
25:20 Farm
25:20 Farm
25:20 Farm
25:21 Farm
25:21 Farm
» items
| Scroll of Regeneration | 2 | |
| Potion of Lesser Invulnerability | 2 | |
| Scroll of Healing | 1 | |
| Staff of Teleportation | 1 | |
| Scroll of Town Portal | 2 | |
8 total
team 2 (winner)

»
AUDUSD (
blue | 65 APM | 1562 actions | 23:57)
4 Death Knight
2 Death Coil
2 Unholy Aura
3 Crypt Lord
2 Impale
1 Spiked Carapace
1 Blademaster
1 Critical Strike
1 Lich
1 Frost Armor
» actions
| Assign group hotkey | 45 | |
| Basic commands | 233 | |
| Build / train | 34 | |
| Enter build submenu | 13 | |
| Enter hero's abilities submenu | 9 | |
| Right click | 341 | |
| Select / deselect | 435 | |
| Select group hotkey | 411 | |
| Use ability | 41 | |
1562 total
» units
| Acolyte | 3 | |
| Ghoul | 2 | |
| Crypt Fiend | 7 | |
| Obsidian Statue | 1 | |
| Gargoyle | 1 | |
14 total
» upgrades
| Creature Carapace | 2 | |
| Creature Attack | 1 | |
| Web | 1 | |
4 total
» buildings
| Ziggurat | 5 | |
| Crypt | 1 | |
| Graveyard | 1 | |
| Altar of Darkness | 1 | |
| Tomb of Relics | 1 | |
| Halls of the Dead | 2 | |
| Slaughterhouse | 1 | |
| Great Hall | 3 | |
15 total
» build order
00:28 Ziggurat
00:43 Crypt
00:52 Graveyard
00:59 Altar of Darkness
01:16 Ziggurat
01:36 Tomb of Relics
02:50 Ziggurat
05:50 Halls of the Dead
05:50 Halls of the Dead
07:34 Ziggurat
09:31 Slaughterhouse
10:31 Ziggurat
23:35 Great Hall
23:43 Great Hall
23:48 Great Hall
» items
| Rod of Necromancy | 1 | |
| Healing Salve | 1 | |
| Potion of Healing | 1 | |
3 total

»
Ephemerality (
pink | 68 APM | 1024 actions | 15:01)
3 Death Knight
2 Death Coil
1 Unholy Aura
1 Lich
1 Frost Nova
» actions
| Assign group hotkey | 16 | |
| Basic commands | 7 | |
| Build / train | 47 | |
| Enter build submenu | 26 | |
| Enter hero's abilities submenu | 4 | |
| Right click | 304 | |
| Select / deselect | 197 | |
| Select group hotkey | 391 | |
| Use ability | 32 | |
1024 total
» units
| Acolyte | 10 | |
| Ghoul | 4 | |
| Crypt Fiend | 5 | |
| Frost Wyrm | 3 | |
22 total
» upgrades
| Creature Attack | 2 | |
| Web | 1 | |
| Burrow | 1 | |
| Creature Carapace | 1 | |
| Freezing Breath | 1 | |
6 total
» buildings
| Crypt | 1 | |
| Ziggurat | 10 | |
| Altar of Darkness | 1 | |
| Graveyard | 1 | |
| Nerubian Tower | 1 | |
| Tomb of Relics | 1 | |
| Spirit Tower | 3 | |
| Halls of the Dead | 3 | |
| Black Citadel | 1 | |
| Sacrificial Pit | 1 | |
| Boneyard | 2 | |
| Necropolis | 1 | |
26 total
» build order
00:19 Crypt
00:28 Ziggurat
00:43 Altar of Darkness
01:09 Graveyard
01:22 Nerubian Tower
01:49 Ziggurat
02:31 Tomb of Relics
03:05 Ziggurat
04:30 Spirit Tower
04:56 Spirit Tower
04:58 Ziggurat
05:44 Halls of the Dead
07:32 Ziggurat
08:55 Black Citadel
09:11 Sacrificial Pit
09:58 Spirit Tower
10:11 Ziggurat
10:13 Ziggurat
10:15 Ziggurat
11:19 Boneyard
11:22 Boneyard
13:20 Necropolis
14:35 Ziggurat
14:36 Ziggurat
» items
| Scroll of Town Portal | 2 | |
| Periapt of Vitality | 1 | |
3 total
PAM112 (
orange | 60 APM | 892 actions | 14:53)
3 Blademaster
2 Wind Walk
1 Critical Strike
» actions
| Assign group hotkey | 12 | |
| Basic commands | 12 | |
| Build / train | 47 | |
| Enter build submenu | 23 | |
| Enter hero's abilities submenu | 3 | |
| Give item / drop item | 6 | |
| Remove unit from queue | 1 | |
| Right click | 282 | |
| Select / deselect | 144 | |
| Select group hotkey | 309 | |
| Use ability | 53 | |
892 total
» units
» upgrades
| Reinforced Defenses | 1 | |
| Shaman Training | 2 | |
3 total
» buildings
| Altar of Storms | 1 | |
| Orc Burrow | 7 | |
| War Mill | 1 | |
| Voodoo Lounge | 2 | |
| Stronghold | 1 | |
| Watch Tower | 6 | |
| Fortress | 1 | |
| Spirit Lodge | 1 | |
| Tauren Totem | 2 | |
| Great Hall | 1 | |
| Beastiary | 1 | |
24 total
» build order
00:10 Altar of Storms
00:14 Orc Burrow
02:06 Orc Burrow
02:08 War Mill
02:13 Voodoo Lounge
02:18 Voodoo Lounge
02:40 Stronghold
03:26 Watch Tower
03:33 Watch Tower
04:09 Watch Tower
04:12 Watch Tower
04:17 Orc Burrow
04:39 Watch Tower
04:40 Orc Burrow
05:58 Fortress
05:59 Watch Tower
07:05 Orc Burrow
07:35 Spirit Lodge
08:49 Tauren Totem
08:53 Tauren Totem
09:06 Great Hall
12:12 Orc Burrow
13:18 Orc Burrow
14:16 Beastiary
» items
| Boots of Speed | 1 | |
| Healing Salve | 3 | |
| Lesser Clarity Potion | 8 | |
| Scroll of Speed | 3 | |
| Periapt of Vitality | 1 | |
| Circlet of Nobility | 1 | |
| Orb of Lightning | 1 | |
18 total
Drayen8 (
yellow | 81 APM | 2184 actions | 26:56)
6 Mountain King
3 Storm Bolt
2 Bash
1 Avatar
1 Death Knight
1 Unholy Aura
» actions
| Assign group hotkey | 81 | |
| Basic commands | 186 | |
| Build / train | 69 | |
| Enter build submenu | 20 | |
| Enter hero's abilities submenu | 7 | |
| Give item / drop item | 3 | |
| Remove unit from queue | 2 | |
| Right click | 1268 | |
| Select / deselect | 354 | |
| Select group hotkey | 145 | |
| Use ability | 49 | |
2184 total
» units
| Peasant | 8 | |
| Footman | 9 | |
| Gryphon Rider | 10 | |
27 total
» upgrades
| Swords | 3 | |
| Storm Hammers | 1 | |
| Masonry | 1 | |
| Armor | 3 | |
| Animal War Training | 1 | |
9 total
» buildings
| Altar of Kings | 2 | |
| Barracks | 1 | |
| Farm | 8 | |
| Keep | 2 | |
| Scout Tower | 1 | |
| Arcane Vault | 2 | |
| Lumber Mill | 1 | |
| Arcane Tower | 1 | |
| Blacksmith | 1 | |
| Castle | 5 | |
| Gryphon Aviary | 2 | |
| Town Hall | 1 | |
27 total
» build order
00:04 Altar of Kings
00:06 Barracks
00:10 Farm
01:38 Farm
02:10 Farm
03:04 Keep
03:23 Farm
03:51 Scout Tower
04:08 Arcane Vault
04:20 Lumber Mill
04:24 Arcane Tower
04:28 Blacksmith
05:54 Castle
05:55 Castle
05:55 Castle
06:25 Gryphon Aviary
07:04 Gryphon Aviary
09:10 Farm
09:20 Farm
11:28 Farm
11:30 Farm
14:26 Altar of Kings
15:11 Arcane Vault
18:47 Town Hall
» items
| Scroll of Regeneration | 4 | |
| Orb of Fire | 1 | |
| Scroll of Town Portal | 2 | |
| Potion of Healing | 2 | |
9 total
Chat log
(00:05 / All) PAM112: haha i tower like a jew
(00:18 / All) fat_chode: here he goes ..
(00:24 / All) PAM112: Who
(00:27 / All) Drayen8: sup
(00:28 / All) fat_chode: BATMAN
(00:34 / All) PAM112: anyone see the new southpark tonight
(00:52 / Allies) Ephemerality: check for tower?
(01:02 / Allies) PAM112: kk
(01:28 / Allies) PAM112: hes gotta be towering u yellow
(01:29 / Allies) PAM112: check
(01:31 / Allies) Ephemerality: ill come support when i got units
(01:41 / Allies) PAM112: yellow check
(01:46 / Allies) Drayen8: god damn, let me get my hero
(01:52 / Allies) Drayen8: there are no towers
(01:58 / Allies) Ephemerality: yehh
(01:59 / Allies) PAM112: kk
(02:04 / Allies) Ephemerality: hes not a jew anymore
(02:09 / Allies) Ephemerality: or he towered his base
(03:14 / Allies) Drayen8: blue, what are you getting?
(03:56 / Allies) PAM112: im hurt
(03:57 / Allies) PAM112: cant help u yet
(04:45 / Allies) PAM112: help
(04:49 / Allies) PAM112: now
(05:05 / Allies) PAM112: all go poink now
(05:12 / Allies) Ephemerality: they wont atk me
(05:19 / Allies) Ephemerality: b
(05:22 / Allies) Ephemerality: to tower
(06:07 / Allies) Ephemerality: ty
(06:25 / Allies) PAM112: getting tauren
(06:32 / Allies) Ephemerality: blue, unit?
(06:44 / Allies) PAM112: check blue
(06:51 / All) fat_chode: LOVE IT
(06:51 / All) Drayen8: gross faggot
(06:55 / All) fat_chode: my ass but used as a pussy
(07:11 / All) PAM112: you have a pussy
(07:14 / All) PAM112: ?
(07:20 / All) PAM112: you mean a pussy butt
(07:35 / All) fat_chode: whatever u like papi
(07:52 / Allies) Drayen8: wood please
(07:59 / Allies) Ephemerality: ty
(08:03 / Allies) AUDUSD: np
(08:20 / Allies) Drayen8: wood please
(08:22 / All) fat_chode: NO NO U DINBT'
(08:23 / Allies) Drayen8: I can get gryphs
(08:24 / Allies) Drayen8: and rape them
(08:37 / All) PAM112: Waste those wells
(08:40 / All) fat_chode: u can leave now
(08:41 / All) fat_chode: thx
(09:05 / Allies) Ephemerality: main?
(09:27 / Allies) Ephemerality: lol
(09:28 / Allies) Ephemerality: wtf
(09:37 / Allies) PAM112: what
(09:39 / Allies) Drayen8: gold please
(09:41 / Allies) Drayen8: gold god damn
(09:43 / Allies) PAM112: omw
(09:47 / Allies) PAM112: tke out acos
(09:48 / Allies) Ephemerality: blue, heal ur fiends
(09:55 / Allies) Drayen8: give me gold
(10:07 / Allies) Drayen8: thanks
(10:29 / All) PAM112: chims red?
(10:30 / All) PAM112: really?
(10:32 / All) PAM112: we ahve mass fiends
(10:44 / All) fat_chode: watch and learn gay boys
(10:52 / All) PAM112: gay boys?
(10:54 / Allies) Ephemerality: scout oj
(10:56 / All) PAM112: what is this the hangover?
(11:00 / All) fat_chode: yea like u take dick in the ass
(11:06 / All) PAM112: that made sense
(11:11 / All) PAM112: yeah nice chims
(11:16 / All) PAM112: gryphs
(11:18 / All) PAM112: lol keep going air pelase
(11:32 / All) fat_chode: LOL ALRIGHT BRO
(11:36 / Allies) AUDUSD: ?
(11:40 / Allies) AUDUSD: why yellow
(11:42 / Allies) Ephemerality: why
(11:47 / Allies) PAM112: hrm
(11:50 / Allies) PAM112: thats unfourtunate
(11:54 / Allies) PAM112: unfortunate
(12:07 / All) fat_chode: LOL tking?
(12:09 / All) fat_chode: awww
(12:16 / All) PAM112: so u join games with your friends?
(12:19 / All) Drayen8: yes
(12:20 / All) PAM112: thats kind of gay?
(12:21 / All) Drayen8: like teal
(12:23 / All) fat_chode: ROFL
(12:26 / All) fat_chode: DIE GAY BOY
(12:28 / All) PAM112: you guys just sit on the phone and join games at the same time
(12:29 / All) PAM112: cute
(12:29 / All) Drayen8: I am teal's friend
(12:32 / All) fat_chode: are u mad?
(12:32 / All) Drayen8: we are raping our team
(12:34 / All) fat_chode: uset?
(12:36 / All) PAM112: no
(12:38 / All) fat_chode: upset*
(12:39 / All) PAM112: lmao
(12:40 / All) fat_chode: mad?
(12:42 / All) fat_chode: mad?
(12:43 / All) fat_chode: mad?
(12:45 / All) PAM112: you clearly take this game way too serious
(12:50 / All) PAM112: once again, not upset
(12:56 / All) fat_chode: MAD BRO>!
(12:57 / All) PAM112: only a virgin like you would get upset with a loss in this game
(13:17 / All) fat_chode: u should be mad bro wtf
(13:24 / All) PAM112: you clearly are a pale nerd
(13:27 / All) PAM112: who gets no pussy
(13:31 / All) fat_chode: u clearly love the cock
(13:31 / All) PAM112: look at the dedication u put into this game
(13:33 / All) PAM112: just to tk
(13:34 / All) PAM112: lmao
(13:35 / All) fat_chode: YEP
(13:38 / All) fat_chode: TO GET U MAD
(13:41 / All) fat_chode: LOL AND IT WORKEzd
(13:44 / All) PAM112: im not mad though
(13:46 / All) PAM112: you don't realize that
(13:50 / All) fat_chode: RURBASESBELONG TO US
(13:58 / All) fat_chode: I LOVE pENIS
(13:59 / All) PAM112: ?
(14:01 / All) fat_chode: IN MY MOUTH
(14:02 / All) PAM112: you sound like such a homo
(14:06 / Allies) Ephemerality: blue
(14:13 / All) fat_chode: ur dead grandmother should of had an abortion
(14:18 / All) fat_chode: killed all ur kin
(14:21 / All) fat_chode: in a fire
(14:23 / Allies) Ephemerality: wow
(14:24 / All) PAM112: once again, you fail in comedy
(14:24 / Allies) Ephemerality: blue...
(14:25 / All) fat_chode: with her screming
(14:29 / All) fat_chode: SCREMIN
(14:33 / All) Drayen8: blue, we raped you months ago
(14:33 / All) fat_chode: SKREM<INNHE
(14:35 / All) Drayen8: you were a faggot
(14:37 / All) fat_chode: YEP
(14:38 / All) Drayen8: so we stab you now
(14:40 / All) PAM112: funny thing is, i can guarantee my assumptions aren't far off
(14:47 / All) PAM112: you and your boyfriend have fun now
(14:52 / All) fat_chode: funny thing is that ur STILL HERE
(14:53 / All) Drayen8: k we will
(14:55 / All) OBLIVIONSUCKX: i like cock
(14:56 / All) fat_chode: take it in the butt noob
(15:06 / All) fat_chode: WHERE UR FIENDS BRO
(15:08 / All) fat_chode: HUH BRO
(15:23 / All) fat_chode: ROFL
(15:30 / All) fat_chode: gj yellow
(15:34 / All) fat_chode: ill blow u later
(15:37 / All) OBLIVIONSUCKX: lawl
(15:37 / All) Drayen8: k
(15:38 / All) Drayen8: ty
(15:50 / All) OBLIVIONSUCKX: i think we stabbed with red before im pretty sure of it hes a cool dude
(15:51 / All) fat_chode: in the spirt of tking ill tk as well
(15:59 / All) OBLIVIONSUCKX: stab green lawl
(16:06 / All) fat_chode: JK
(16:11 / All) OBLIVIONSUCKX: let me get tp staff
(16:12 / All) fat_chode: lobe u green
(16:28 / All) OBLIVIONSUCKX: kill his base nigga
(16:31 / All) Drayen8: nice tanks
(16:33 / All) Drayen8: thanks for xp
(16:37 / All) fat_chode: LOL
(16:50 / All) fat_chode: UR DEADER THEN A DOOR NAIL SMALLS
(16:56 / All) OBLIVIONSUCKX: run nigga
(17:31 / All) Drayen8: ty for xp
(17:32 / All) Drayen8: idiots
(19:14 / All) OBLIVIONSUCKX: not my base nigger
(19:21 / All) Drayen8: I think blue is mad
(19:26 / All) OBLIVIONSUCKX: just turtle in base
(19:41 / All) fat_chode: dont be mad get glad
(19:44 / All) OBLIVIONSUCKX: control pink
(20:07 / All) Drayen8: I love when ud leave. unsummoned his expo
(22:00 / All) OBLIVIONSUCKX: just let red kill ur base
(22:03 / All) OBLIVIONSUCKX: blue needs to die
(22:16 / All) Drayen8: he is stabbing me
(22:21 / All) OBLIVIONSUCKX: duh
(22:22 / All) Drayen8: blue that is
(22:41 / All) Drayen8: I thought red was on our side
(22:44 / All) OBLIVIONSUCKX: keep spamming pink
(22:45 / All) OBLIVIONSUCKX: he is
(22:48 / All) OBLIVIONSUCKX: i told him to kill u
(22:50 / All) Drayen8: he killed my hall
(22:55 / All) Drayen8: ah right
(22:57 / All) Drayen8: we have to kill me to lose
(23:05 / All) OBLIVIONSUCKX: i know
(23:46 / All) OBLIVIONSUCKX: bluealways tries hard and never talks hes a moron
(23:54 / All) OBLIVIONSUCKX: spam pink
(23:55 / All) fat_chode: try hard
(24:01 / All) Drayen8: he mad
(24:22 / All) OBLIVIONSUCKX: now lets kill green
(24:32 / All) Drayen8: I killed his 1 gryphon
(24:37 / All) Drayen8: I still have 4
(24:39 / All) Drayen8: low hp though
(25:40 / All) OBLIVIONSUCKX: reds helping me kill gree nlawl
(25:46 / All) Drayen8: he is a true 4v4 rt pro
(26:34 / All) Drayen8: I still have 4 gryphons nigga